Unix NetHack Version 3.7.0-89 Work-in-progress - last build Sep 7 2023 15:16:41 (8494bff02b67719303c47e298deaa89034127798,branch:master). Game began 2023-09-20 15:13:45, ended 2023-09-22 06:07:56. torpedojuice, lawful male human Priest ----------- ..).. ......... ....----[---- ....-- .... ...-- ..... ...| 1 ..... --- 1... 1 ...1 -----a----- ---...1a4...--- |...1.5@11....| |.4----a---- .| |55|....a..|5 | |a.@....| 2 |..a@@..| 4 |.....@.| |.......| --------- 5 Torpedojuice the Curate St:25 Dx:18 Co:18 In:18 Wi:18 Ch:14 Lawful Astral Plane $:0 HP:375(406) Pw:198(206) AC:-25 Exp:17 T:36763 Latest messages: You hit Michael the Robber. You hear a mumbled curse. The magic missile hits the renegade priest of Kos! The magic missile hits the vampire bat! The magic missile hits the priest of Issek! "Judgment hath been passed upon thee, torpedojuice." You hear a mumbled curse. You hear a mumbled curse. The priestess of Moloch casts a spell! The priestess of Moloch summons insects around a spot near you! You can see again. The high priest intones: "Pilgrim, you enter a sacred place!" You hear a chugging sound. Pick an object. The black blade draws the life from the fire ant! You kill the fire ant! The giant ant misses! What do you want to use or apply? [bceks-uzKPV or ?*] y - an uncursed wand of wishing (1:1). What do you want to zap? [yzKPV or ?*] You may wish for an object. J - a blessed greased helm of opposite alignment. What do you want to take off? [CDEFG or ?*] The Angel of Issek zaps you with a magic missile! The magic missile misses the giant beetle. The magic missile hits the renegade priest of Kos! The magic missile hits the high priest of Issek! The magic missile whizzes by you! The magic missile bounces! The Angel of Issek swings his long sword at it. The Angel of Issek hits it. The Angel of Issek swings his long sword at it. The Angel of Issek hits it. The Angel of Issek hits it. You finish taking off your helm. What do you want to wear? [FJ or ?*] You finish your dressing maneuver. Your mind oscillates briefly. You are blasted by Stormbringer's power! You are blasted by the Mitre of Holiness' power! The helm of opposite alignment glows black for a moment. There is a high altar to Issek (lawful) here. What do you want to sacrifice? [h or ?*] You offer the Amulet of Yendor to Issek... An invisible choir sings, and you are bathed in radiance... The voice of Issek thunders: "Mortal, thou hast done well!" "In return for thy service, I grant thee the gift of Immortality!" You ascend to the status of Demigod... Do you want your possessions identified? [ynq] (y) Inventory: Amulets m - an uncursed amulet of life saving (being worn) Weapons a - the blessed rustproof +6 Stormbringer (weapon in hand) Armor B - a blessed +4 silver dragon scale mail (being worn) C - a blessed greased fireproof +3 cloak of magic resistance (being worn) D - a blessed fireproof +5 pair of speed boots (being worn) E - a blessed rusty +4 pair of gauntlets of power (being worn) F - the blessed tempered +4 Mitre of Holiness G - a blessed +4 small shield (being worn) J - a cursed greased rustproof +2 helm of opposite alignment (being worn) Comestibles L - an uncursed lizard corpse named kebabtallrik Scrolls I - an uncursed scroll of create monster Spellbooks c - the uncursed Book of the Dead Rings j - a blessed ring of free action (on right hand) Z - a blessed ring of conflict (on left hand) Wands y - an uncursed wand of wishing (1:0) z - an uncursed wand of teleportation (0:2) K - an uncursed wand of death (0:7) P - an uncursed wand of death (0:6) V - an uncursed wand of teleportation (0:3) Tools b - a blessed greased bag of holding containing 97 items e - an uncursed stethoscope k - an uncursed skeleton key s - an uncursed sack named cancellation containing 3 items t - a blessed blindfold u - a blessed +0 unicorn horn named Lh Gems/Stones x - a blessed luckstone Contents of the bag of holding: an uncursed amulet of magical breathing a blessed rustproof +6 aklys an uncursed -1 helm of opposite alignment an uncursed +0 pair of jumping boots an uncursed +0 pair of water walking boots a blessed +2 mummy wrapping an uncursed +0 robe 7 uncursed food rations an uncursed sprig of wolfsbane an uncursed lizard corpse named KFC a blessed scroll of scare monster an uncursed scroll of scare monster 17 blessed scrolls of blank paper 6 uncursed scrolls of blank paper a cursed scroll of blank paper a blessed scroll of charging 3 uncursed scrolls of earth a cursed scroll of earth an uncursed scroll of enchant weapon 3 uncursed scrolls of fire 3 blessed scrolls of identify 2 uncursed scrolls of magic mapping 4 blessed scrolls of remove curse a blessed scroll of taming 2 uncursed scrolls of taming an uncursed diluted potion of extra healing 4 blessed diluted potions of full healing an uncursed potion of full healing a blessed potion of levitation 3 blessed potions of paralysis a blessed potion of speed 21 potions of holy water 9 uncursed potions of water 3 potions of unholy water an uncursed ring of conflict an uncursed ring of free action an uncursed ring of free action a blessed ring of levitation an uncursed ring of levitation an uncursed ring of levitation an uncursed ring of slow digestion an uncursed ring of slow digestion a blessed ring of teleport control an uncursed ring of teleport control an uncursed wand of cold (0:6) an uncursed wand of death (1:0) an uncursed wand of digging (0:8) an uncursed wand of digging (0:7) an uncursed wand of digging (0:6) an uncursed wand of digging (0:6) an uncursed wand of digging (0:5) an uncursed wand of digging (0:5) an uncursed wand of digging (0:5) an uncursed wand of digging (0:0) an uncursed wand of digging (0:4) an uncursed wand of digging (0:5) an uncursed wand of fire (0:8) an uncursed wand of fire (0:3) an uncursed wand of fire (0:2) an uncursed wand of fire (0:4) an uncursed wand of light (0:12) an uncursed wand of light (0:10) an uncursed wand of light (0:14) an uncursed wand of lightning (0:7) an uncursed wand of lightning (0:6) an uncursed wand of lightning (0:2) an uncursed wand of lightning (0:7) an uncursed wand of polymorph (0:0) an uncursed wand of secret door detection (0:7) an uncursed wand of secret door detection (0:13) an uncursed wand of sleep (0:6) an uncursed wand of sleep (0:5) an uncursed wand of sleep (0:4) an uncursed wand of sleep (0:3) an uncursed wand of sleep (0:2) an uncursed wand of sleep (0:3) an uncursed wand of slow monster (0:4) a blessed wand of speed monster (0:4) an uncursed wand of speed monster (0:3) an uncursed wand of speed monster (0:5) an uncursed wand of striking (0:5) an uncursed wand of striking (0:4) an uncursed wand of teleportation (0:4) an uncursed wand of teleportation (0:6) an uncursed wand of teleportation (0:0) an uncursed wand of teleportation (0:4) an uncursed bugle 2 blessed wax candles an uncursed magic whistle an uncursed can of grease (0:14) an uncursed can of grease (0:12) an uncursed can of grease (0:21) an uncursed magic marker (1:18) an uncursed +0 pick-axe an uncursed amethyst stone an uncursed touchstone a blessed luckstone Contents of the sack named cancellation: a blessed wand of cancellation (0:5) a blessed wand of cancellation (0:4) a cursed wand of cancellation (0:2) Torpedojuice the Priest's attributes: Background: You were a Curate, a level 17 human Priest. You were lawful, temporarily on a mission for Issek who was opposed by Mog (neutral) and Kos (chaotic). You were actually chaotic. You were in the endgame, on the Astral Plane. You entered the dungeon 36763 turns ago. You had 719917 experience points, 560083 more were needed to attain level 18. Basics: You had 375 out of 406 hit points. You had 198 out of 206 energy points (spell power). Your armor class was -25. Your wallet was empty. Autopickup was off. Final Characteristics: Your strength was 25 (base:18/18, innate limit:18/100). Your dexterity was 18 (limit:18). Your constitution was 18 (limit:18). Your intelligence was 18 (limit:18). Your wisdom was 18 (limit:18). Your charisma was 14 (limit:18). Final Status: You were not hungry. You were unencumbered. You were wielding a broadsword. You had basic skill with broadsword. Final Attributes: You were the Glory of Arioch. You were fervently aligned. You were magic-protected. You were fire resistant. You were cold resistant. You were sleep resistant. You were disintegration resistant. You were shock resistant. You were poison resistant. You were level-drain resistant. You saw invisible. You were telepathic. You were warned. You were invisible to others. You caused conflict. You were warded. You were very fast. You had reflection. You had free action. Your life would have been saved. You were very lucky. You had extra luck. Good luck did not time out for you. You survived. Miscellaneous: You encountered 1 bones level. Total elapsed playing time was 5 hours, 58 minutes and 3 seconds. Major events: Turn 1: torpedojuice the chaotic human Priest entered the dungeon 608: entered the Gnomish Mines 1002: attained the rank of Acolyte (level 3) 2609: attained the rank of Adept (level 6) 3908: reached Mine Town 5630: destroyed Bartlem's ghost, the former Lookout 5632: found Sting on the floor 5698: destroyed samiam's ghost, the former Embalmer 5699: found Vorpal Blade on the floor 6142: entered Sokoban 6680: completed 1st Sokoban level 7122: completed 2nd Sokoban level 7420: completed 3rd Sokoban level 8370: completed 4th Sokoban level 8401: attained the rank of Priest (level 10) 8792: acquired the Sokoban bag of holding 9883: was bestowed with Demonbane by Kos 10531: was bestowed with Werebane by Kos 12945: acquired the Mines' End luckstone 16146: was chosen to steal souls for the Glory of Kos 16146: was bestowed with Stormbringer 19356: killed Croesus 22509: performed his first genocide (class L) 24573: genocided class h 25333: killed Medusa 25640: entered Gehennom 26883: made his first wish - "blessed magic marker", got "a blessed magic marker" 26892: wished for "blessed fixed greased +2 cloak of magic resistance", got "a blessed greased ornamental cope" 26930: wished for "blessed spellbook of identify", got "a blessed wrinkled spellbook" 28016: attained the rank of Curate (level 14) 29844: killed Nalzok 29844: found the Mitre of Holiness carried by a monster 29846: acquired the Bell of Opening 30989: wished for "blessed fixed ring of teleport control", got "a blessed twisted ring" 32154: killed Juiblex 32639: bribed Asmodeus with 50 zorkmids for safe passage 32918: bribed Baalzebub with 50 zorkmids for safe passage 33481: destroyed Vlad the Impaler 33483: acquired the Candelabrum of Invocation 34018: killed Orcus 34985: killed the Wizard of Yendor 34986: acquired the Book of the Dead 35106: performed the invocation 35222: killed the high priest of Moloch 35228: acquired The Amulet of Yendor 36220: killed the Wizard of Yendor (2nd time) 36552: entered the Elemental Planes 36552: entered Plane of Earth 36553: killed the Wizard of Yendor (3rd time) 36644: entered Plane of Air 36702: entered Plane of Fire 36710: entered Plane of Water 36727: entered the Astral Plane 36742: killed Famine 36746: found Frost Brand carried by a monster 36760: wished for "blessed greased fixed +2 helm of opposite alignment", got "a blessed greased helm of opposite alignment" 36763: ascended Vanquished creatures: Orcus Juiblex the Wizard of Yendor (4 times) Famine Vlad the Impaler a high cleric Medusa Croesus 3 krakens 2 iron golems 4 storm giants 3 glass golems Nalzok 4 purple worms 3 gold dragons 2 silver dragons 3 red dragons a white dragon 3 black dragons 3 blue dragons 4 green dragons 21 minotaurs 3 baluchitheria 3 Angels 4 stone golems 5 Olog-hai 2 Nazgul a pit fiend a hell hound 3 displacer beasts 3 titanotheres 4 genetic engineers 4 disenchanters 21 vampire leaders 4 skeletons 7 aligned clerics 4 captains 3 shades 2 water trolls 3 clay golems 3 nurses 5 ice devils 2 nalfeshnees a lurker above an Aleax a frost giant 4 ettins 14 black puddings 42 vampires 11 lieutenants 90 ghosts a queen bee 5 winged gargoyles 9 giant mimics 5 long worms 9 zruties 3 fire giants 5 ogre tyrants 5 ice trolls 10 rock trolls 6 umber hulks a flesh golem 4 elven monarchs a doppelganger 7 hezrous 4 bone devils 7 large mimics 3 wumpuses a fire vortex 2 couatls 10 stalkers 3 air elementals 3 fire elementals 6 earth elementals 2 water elementals 4 hill giants 3 giant mummies a black naga 7 xorns 26 giant zombies 2 elf-nobles 20 sergeants 10 barbed devils 9 vrocks 12 wargs 4 winter wolves 4 hell hound pups 7 small mimics a glass piercer 9 warhorses 3 steam vortices 7 xans 2 ettin mummies 4 ogre leaders 16 quantum mechanics 50 trolls 2 sasquatches 3 wood golems 3 erinyes 20 mariliths a djinni 4 sharks 7 gelatinous cubes a pyrolisk a large dog 3 freezing spheres 3 flaming spheres 3 shocking spheres a large cat 6 tigers 6 gargoyles 2 dwarf rulers a tengu 5 ochre jellies 10 leocrottas 6 energy vortices 2 mountain centaurs 5 stone giants 5 elf mummies 2 human mummies 3 red nagas 2 green slimes a python 3 pit vipers 5 cobras 106 wraiths 2 carnivorous apes 32 ettin zombies 2 leather golems 3 Grey-elves 119 soldiers 15 amorous demons 11 horned devils 3 chameleons 4 crocodiles 10 giant beetles 6 quivering blobs 9 cockatrices 5 wolves a winter wolf cub 3 lynxes a panther 19 gremlins a spotted jelly 20 leprechauns 7 orc-captains 3 iron piercers 10 giant spiders 4 scorpions 7 horses 3 ice vortices 6 black lights 9 vampire bats 6 forest centaurs 6 gnome rulers 2 orc mummies 4 dwarf mummies 3 brown puddings 8 rust monsters 12 owlbears 7 yetis a gold golem 2 werewolves 2 Green-elves 13 giant eels 17 lizards 8 chickatrices 2 dingoes 2 dogs 3 housecats 2 jaguars a dwarf leader 2 blue jellies 4 white unicorns 2 gray unicorns 11 dust vortices 5 ravens 7 plains centaurs 4 gnome mummies 8 snakes 2 water moccasins 3 apes 96 human zombies 2 rope golems 23 soldier ants 12 fire ants 18 bugbears 2 imps 3 lemures 9 quasits 3 wood nymphs 5 water nymphs 7 mountain nymphs 15 Mordor orcs 18 Uruk-hai 8 orc shamans 5 rock piercers a rock mole 3 ponies a fog cloud 21 yellow lights 2 shriekers 2 violet fungi 21 gnome leaders 11 gnomish wizards 4 kobold mummies a red naga hatchling a black naga hatchling 3 gray oozes 3 barrow wights 43 elf zombies 28 ghouls 5 straw golems a paper golem 3 jellyfish 19 giant ants 3 little dogs 13 floating eyes 2 kittens 25 dwarves 5 kobold leaders 7 kobold shamans 14 hill orcs 19 rothes a rabid rat a centipede a giant bat a Kop Sergeant 6 monkeys 34 orc zombies 30 dwarf zombies 2 wererats a werejackal 7 iguanas 63 killer bees 2 coyotes 2 gas spores 6 hobbits 2 manes 6 large kobolds 28 hobgoblins a giant rat 13 cave spiders a brown mold 4 yellow molds a green mold 2 red molds 81 gnomes 6 garter snakes 39 gnome zombies 11 geckos 15 jackals 4 foxes a kobold 10 goblins 9 sewer rats 14 grid bugs 10 lichens 39 kobold zombies 11 newts 2270 creatures vanquished. Genocided or extinct species: arch-liches master liches demiliches master mind flayers liches mind flayers erinyes (extinct) dwarf rulers wraiths (extinct) soldiers (extinct) dwarf leaders human zombies (extinct) bugbears dwarves hobbits 11 species genocided. 4 species extinct. Voluntary challenges: You read items or engraved 123 times. You never engraved Elbereth. You genocided 11 types of monsters. You never changed form. You used 5 wishes. You did not wish for any artifacts. You did not violate any of the special Sokoban rules. Achievements: You entered the Gnomish Mines. You entered a shop. You attained the rank of Acolyte. You attained the rank of Adept. You entered Minetown. You entered a temple. You entered Sokoban. You attained the rank of Priest. You completed Sokoban. You completed the Gnomish Mines. You defeated Medusa. You entered Gehennom. You attained the rank of Curate. You handled the Bell of Opening. You handled the Candelabrum of Invocation. You had the Book of the Dead. You gained access to Moloch's Sanctum. You reached the Elemental Planes. You reached the Astral Plane. You delivered the Amulet of Yendor. You ascended! The Elemental Planes: Astral Plane: <- You are here. A temple to Issek. Plane of Water: Plane of Fire: Plane of Air: Plane of Earth: The Dungeons of Doom: levels 1 to 25 Level 1: Many fountains. One way stairs up to The Elemental Planes. Level 2: "backup mithril in shop" An armor shop. Stairs down to The Gnomish Mines. Level 3: Level 4: A grave. Level 5: "stash chest % _, pool" An altar, a fountain. Level 6: "Vorpy+Apron+Werebane+speedboots in stash chest >" An armor shop, an altar. Level 7: Some fountains, a grave. Oracle of Delphi. Final resting place for Bartlem-Ran-Elf-Fem-Cha, killed by a wolf, samiam-Hea-Hum-Mal-Neu, killed by a werewolf. Level 8: A fountain. Stairs up to Sokoban, level 7. Level 9: "pool" An altar, a fountain. Level 10: A fountain. Level 11: A sink. Level 12: "+ (levi, detect monster, wizlock) _" Many altars. Portal to Fort Ludios. Level 13: A temple, a fountain. Level 14: Some shops, a sink. Portal to The Quest. Level 15: Level 16: "food rations (rogue level)" A primitive area. Level 17: "24k in chest in barracks" An altar, a grave. Level 18: A sink. Level 19: Level 20: "$" Level 21: "$" A fountain, some graves. Level 22: Level 23: Level 24: Level 25: "SoR armory, crap stash chest" A fountain. The castle. Connection to Gehennom. Gehennom: levels 26 to 48 Level 26: A temple, many graves. Valley of the Dead. Level 27: Level 28: Level 29: "SoR" Level 30: Level 31: A fountain. Level 32: "crap wand stash" Level 33: Level 34: Level 35: Level 36: Stairs up to Vlad's Tower, level 35. Level 37: Level 38: Level 39: Level 40: Some shops, an altar, some graves. Level 41: Level 42: Level 43: Level 44: Level 45: Level 46: Level 47: Level 48: A temple, many graves. Moloch's Sanctum. The Gnomish Mines: levels 3 to 10 Level 3: Level 4: Level 5: Level 6: Many shops, a temple, some fountains, a sink. Level 7: Level 8: Level 9: Level 10: The Quest: levels 1 to 5 Level 1: A temple, many trees. Completed quest for the Arch Priest. Level 2: Many graves. Level 3: A temple, many graves. Level 4: Many graves. Level 5: Sokoban: levels 7 up to 4 Level 4: Solved. Level 5: Solved. Level 6: Solved. Level 7: "backup BoH 0, yeenoghu NEXT" Solved. Fort Ludios: Level 1: Vlad's Tower: levels 35 up to 33 Level 33: Level 34: Level 35: "crap stash" Goodbye torpedojuice the Demigod... You went to your reward with 984754 points, Stormbringer (worth 8000 zorkmids and 20000 points) The Book of the Dead (worth 10000 zorkmids and 25000 points) The Mitre of Holiness (worth 2000 zorkmids and 5000 points) and 0 pieces of gold, after 36763 moves. You were level 17 with a maximum of 406 hit points when you ascended.